 Dungeon Crawl Stone Soup version 5.5-119-g78d285b (webtiles) character file.

48 Hausser the Shield-Bearer (level 4, -1/33 HPs)
             Began as a Mountain Dwarf Fighter on June 6, 2018.
             Was an Initiate of Wu Jian.
             Slain by Sigmund (8 damage)
             ... on level 3 of the Dungeon.
             The game lasted 00:05:07 (1575 turns).

Hausser the Shield-Bearer (Mountain Dwarf Fighter)  Turns: 1575, Time: 00:05:07

Health: -1/33      AC:  8 (28%)Str: 19  XL:     4   Next: 75%
Magic:  6/6        EV:  9    Int:  8    God:    Wu Jian [0*[17]]
Gold:   139        SH:  9    Dex: 10    Spells: 7/7 levels left

rFire    . . .     SeeInvis .   a - +0 war axe
rCold    + . .     Faith    .   c - +0 shield
rNeg     . . .     Spirit   .   b - +0 scale mail
rPois    .         Reflect  .   (no helmet)
rElec    .                      (no cloak)
rCorr    .                      (no gloves)
MR       .....                  f - +0 pair of boots
Stlth    ..........             (no amulet)
Regen    0.2/turn               h - ring of ice
MPRegen  0.2/turn               (no ring)

@: no status effects
A: frail 1, sturdy frame
a: Renounce Religion


You were on level 3 of the Dungeon.
You worshipped Wu Jian.
Wu Jian was noncommittal.
You were not hungry.

You visited 1 branch of the dungeon, and saw 3 of its levels.

You collected 139 gold pieces.

Inventory:

Hand Weapons
 a - a +0 war axe (weapon)
Armour
 b - a +0 scale mail (worn)
 c - a +0 shield (worn)
 f - a +0 pair of boots (worn)
Jewellery
 h - a ring of ice (left hand)
 n - an uncursed ring of ice
Scrolls
 e - 3 scrolls of amnesia
 k - 2 scrolls of enchant armour
 l - a scroll of teleportation
 m - a scroll of blinking
Potions
 d - a potion of augmentation
 g - 2 potions of heal wounds
 i - a potion of lignification
 j - 2 potions of flight
 o - 2 potions of resistance


   Skills:
 + Level 4.0 Fighting
 + Level 3.0 Axes
 * Level 0.6 Throwing
 * Level 3.7 Armour
 + Level 0.1 Dodging
 * Level 4.6 Shields
 * Level 1.4 Invocations
 * Level 0.8 Evocations


You had 7 spell levels left.
You didn't know any spells.
Your spell library was empty.

Dungeon Overview and Level Annotations

Branches:
Dungeon (3/15)

Altars:
Dithmenos
Jiyva
Kikubaaqudgha
Makhleb
Uskayaw
Vehumet
Wu Jian
Xom

Annotations:
D:3 Sigmund


Innate Abilities, Weirdness & Mutations

Your movements are less encumbered by armour. (ER -6)
You are frail. (-10% HP)


Message History

Sigmund shouts!
A hobgoblin comes into view. It is wielding a +0 dagger.
You closely miss the scorpion.
The hobgoblin shouts!
The scorpion stings you (2). Sigmund casts a spell at you.
You are confused.
The scorpion stings you but does no damage.
You are too confused!
The scorpion stings you but does no damage.
Found 2 potions of heal wounds.
You're too confused to move!
The scorpion stings you (3).
You feel less confused.
You hit the scorpion but do no damage. The scorpion stings you (2).
You slash the scorpion (8)!
The scorpion is heavily wounded.
You block the scorpion's attack. Sigmund hits you from afar (7)!
* * * LOW HITPOINT WARNING * * *
You block the scorpion's attack. Sigmund hits you from afar (8)!
You die...

###.####............ #..
#....##.....##............
#..##....#.......#............
#........#.......#..........##
#..?........._................
.......#.#.......#............
#[.......#.......#...........#
#..#...#.##.....##............
.........####@####..#.##.##..#
....)......@s...............[.
............g.................
......................... ....
..........................
.....................
.###........#........
#........#.#...###
#...............


You could see Sigmund, a scorpion and a hobgoblin.

Vanquished Creatures
  A worker ant (D:3)
  3 adders (D:2)
  3 quokkas (D:1)
  A ball python (D:1)
  6 bats
  2 giant cockroaches
  3 goblins
  6 hobgoblins
  10 jackals (D:2)
  4 frilled lizards
  6 kobolds
  2 rats
47 creatures vanquished.

Notes
Turn   | Place    | Note
-------+----------+-------------------------------------------
     0 | D:1      | Hausser the Mountain Dwarf Fighter began the quest for the Orb.
     0 | D:1      | Reached XP level 1. HP: 18/18 MP: 2/2
    86 | D:1      | Reached XP level 2. HP: 21/25 MP: 3/3
   636 | D:2      | Found a burning altar of Makhleb.
   670 | D:2      | Reached XP level 3. HP: 30/30 MP: 4/4
   727 | D:2      | Found a hide-covered altar of Uskayaw.
   763 | D:2      | Noticed a hand axe
   763 | D:2      | Noticed a dagger
   807 | D:2      | Reached XP level 4. HP: 16/37 MP: 6/6
  1127 | D:2      | Found a shimmering altar of Xom.
  1131 | D:2      | Found a shimmering altar of Xom.
  1131 | D:2      | Found a shimmering altar of Xom.
  1131 | D:2      | Found a faded altar of an unknown god.
  1131 | D:2      | Found a shimmering altar of Xom.
  1131 | D:2      | Found a viscous altar of Jiyva.
  1131 | D:2      | Found a hide-covered altar of Uskayaw.
  1132 | D:2      | Found a shimmering altar of Xom.
  1142 | D:2      | Found a shimmering altar of Xom.
  1267 | D:2      | Found a radiant altar of Vehumet.
  1268 | D:2      | Found an ancient bone altar of Kikubaaqudgha.
  1268 | D:2      | Found an ornate altar of the Wu Jian Council.
  1281 | D:2      | Became a worshipper of the Wu Jian Council
  1535 | D:2      | Gained mutation: You are frail. (-10% HP) [mutagenic hatch]
  1547 | D:3      | Found a shadowy altar of Dithmenos.
  1556 | D:3      | Reached skill level 1 in Invocations
  1564 | D:3      | Noticed Sigmund
  1575 | D:3      | Slain by Sigmund

Skill      XL: |  1  2  3  4 |
---------------+-------------+-----
Shields        | 4 |  4.6
Fighting       | 4 |  4.0
Axes           | 3 |  3.0
Invocations    | 1 |  1.4
Throwing       | |  0.6
Armour         | |  3.7
Dodging        | |  0.1
Evocations     | |  0.8

Action                   |  1- 3 |  4- 6 || total
-------------------------+-------+-------++-------
Melee: War axe           |    89 |    61 ||   150
Invok: Lunge             |       |     2 ||     2
Armor: Scale mail        |    66 |    27 ||    93
Dodge: Dodged            |    40 |    15 ||    55
Block: Shield            |    61 |    35 ||    96
